 Dungeon Crawl Stone Soup version 0.20.0-7-g3b7b877 (webtiles) character file.

46 Rrauwl the Unweaver (level 3, -5/30 HPs)
             Began as a Formicid Abyssal Knight on May 29, 2017.
             Was a Follower of Lugonu.
             Slain by a gnoll
             ... wielding a +0 halberd of venom
              (10 damage)
             ... on level 2 of the Dungeon.
             The game lasted 00:03:58 (1325 turns).

Rrauwl the Unweaver (Formicid Abyssal Knight)       Turns: 1325, Time: 00:03:59

Health: -5/30      AC:  4    Str: 17    XL:     3   Next: 92%
Magic:  6/6        EV: 11    Int: 11    God:    Lugonu [*.....]
Gold:   117        SH:  0    Dex: 10    Spells: 2/2 levels left

rFire    . . .     SeeInvis +   a - +1 mace
rCold    . . .     Gourm    .   (no shield)
rNeg     . . .     Faith    .   b - +0 leather armour
rPois    +         Spirit   .   (helmet unavailable)
rElec    .         Reflect  .   (no cloak)
rCorr    .         Harm     .   h - +0 pair of gloves
MR       .....                  (no boots)
Stlth    +.........             (no amulet)
Regen    0.1/turn               e - ring of poison resistance
MPRegen  0.1/turn               (no ring)

@: lethally poisoned (-5 -> -12)
A: permanent stasis, dig shafts and tunnels, four strong arms, antennae 3
a: Dig, Shaft Self, Depart the Abyss, Renounce Religion


You were on level 2 of the Dungeon.
You worshipped Lugonu.
Lugonu was aware of your devotion.
You were not hungry.

You visited 1 branch of the dungeon, and saw 2 of its levels.
You visited the Abyss 1 time.

You collected 117 gold pieces.

Inventory:

Hand Weapons
 a - a +1 mace (weapon)
Missiles
 d - 181 stones (quivered)
Armour
 b - a +0 leather armour (worn)
 h - a +0 pair of gloves (worn)
Jewellery
 e - a ring of poison resistance (left hand)
Scrolls
 f - a scroll of remove curse
 g - 2 scrolls of identify
Comestibles
 c - a bread ration
 i - 2 royal jellies


   Skills:
 - Level 3.7 Fighting
 - Level 2.0 Maces & Flails
 - Level 2.1 Armour
 - Level 0.8 Dodging
 + Level 4.0 Invocations


You had 2 spell levels left.
You didn't know any spells.

Dungeon Overview and Level Annotations

Branches:
Dungeon (2/15)

Altars:


Innate Abilities, Weirdness & Mutations

You cannot be hasted, slowed, berserked, paralysed or teleported.
You can dig through walls and to a lower floor.
Your four strong arms can wield two-handed weapons with a shield.
You have a pair of large antennae on your head. (SInv)


Message History

You are too injured to fight recklessly!
Found an escape hatch in the ceiling.
Found 12 gold pieces.
Found a stone staircase leading up.
Found 16 gold pieces.
You aren't carrying any items that you can evoke.
You aren't carrying any potions.
Okay, then.
You see here 12 gold pieces.
You now have 117 gold pieces (gained 12).
You hit the gnoll but do no damage.
The gnoll hits you from afar with a halberd of venom.
You are poisoned.
The gnoll hits you with a halberd. The gnoll barely misses you.
Unknown command.
You hit the gnoll.
The gnoll is moderately wounded.
You feel sick. The gnoll hits you with a halberd!
* * * LOW HITPOINT WARNING * * *
The gnoll hits you from afar with a halberd of venom!
You die...

#.# #.# #.#####.#####
#.<.........###
########..#.....#
..........#.#.#g# .
#####.g..#<..#.# ...
#g#.##g###.##..... ###
###.#.##.@.gg..$....
....####.....######.##.....
.......#.....# #.# ####
.)...........# #.# {#
.......#.....######.. #
.......#####......### # # #
.......##########.####.. ..
#.#
#####g...................
.. #.#
#.####........####.##
#.#.#.#


You could see 3 gnolls.

Vanquished Creatures
  An adder (D:2)
  An ooze (D:2)
  2 giant cockroaches
  2 goblins (D:1)
  6 hobgoblins
  2 jackals (D:1)
  A quokka (D:1)
  A ball python (D:2)
  3 bats
  3 frilled lizards (D:1)
  7 kobolds
  3 rats (D:1)
32 creatures vanquished.

Notes
Turn   | Place    | Note
-------+----------+-------------------------------------------
     0 | Abyss:1  | Rrauwl the Formicid Abyssal Knight began the quest for the Orb.
     0 | Abyss:1  | Reached XP level 1. HP: 18/18 MP: 2/2
    52 | Abyss:1  | Noticed a worldbinder
    58 | Abyss:1  | Noticed a shadow
    61 | D:1      | Escaped the Abyss
   293 | D:1      | Reached XP level 2. HP: 25/25 MP: 3/3
   324 | D:1      | Reached * piety under Lugonu
   423 | D:1      | Reached skill level 3 in Invocations
   477 | D:1      | Reached XP level 3. HP: 20/30 MP: 5/5
  1293 | D:2      | Reached skill level 4 in Invocations
  1325 | D:2      | Slain by a gnoll

Skill      XL: |  1  2  3 |
---------------+----------+-----
Invocations    | 3 4 |  4.0
Fighting       | |  3.7
Maces & Flails | |  2.0
Armour         | |  2.1
Dodging        | |  0.8

Action                   || total
-------------------------++-------
Melee: Mace              ||    96
Invok: Depart the Abyss  ||     1
  Use: Scroll            ||     4
       Potion            ||     2
  Eat: Bread ration      ||     1
Armor: Leather armour    ||    33
Dodge: Dodged            ||    65
